 Dungeon Crawl Stone Soup version 0.31.0-12-g77e489cdc1 (webtiles) character file.

Game seed: 6915071035413829121

66 RancidPinata the Cudgeller (level 4, -3/28 HPs)
             Began as a Gargoyle Gladiator on Feb 23, 2024.
             Slain by a gnoll
             ... wielding a +0 club
              (6 damage)
             ... on level 2 of the Dungeon.
             The game lasted 00:03:44 (899 turns).

RancidPinata the Cudgeller (Gargoyle Gladiator)      Turns: 899, Time: 00:03:45

Health: -3/28      AC:  7    Str: 18    XL:     4   Next: 15%
Magic:  4/4        EV: 12    Int: 10    God:
Gold:   25         SH:  0    Dex: 11    Spells: 3/3 levels left

rFire   . . .        a - +0 flail
rCold   . . .        (no shield)
rNeg    + . .        b - +0 leather armour
rPois   ∞            c - +0 helmet
rElec   +            (no cloak)
rCorr   .            (no gloves)
SInv    .            (no boots)
Will    .....        (no amulet)
Stlth   +            (no ring)
HPRegen 0.24/turn    (no ring)
MPRegen 0.09/turn

%: no passive effects
@: no status effects
A: sickness immunity, AC +3, negative energy resistance 1, electricity
resistance, torment resistance 1, petrification resistance
a: no special abilities


You were on level 2 of the Dungeon.
You visited 1 branch of the dungeon, and saw 2 of its levels.

You collected 25 gold pieces.

Inventory:

Hand Weapons
 a - a +0 flail (weapon)
Missiles
 d - 3 throwing nets (quivered)
 e - a javelin
 f - 5 poisoned darts
 j - 36 stones
Armour
 b - a +0 leather armour (worn)
 c - a +0 helmet (worn)
 l - a +0 cloak
Jewellery
 o - an amulet of guardian spirit
Scrolls
 k - 2 scrolls of identify {unknown}
 q - a scroll of fear {unknown}
 r - a scroll of immolation {unknown}
Potions
 g - a potion of curing {unknown}
 h - a potion of heal wounds {unknown}
 i - a potion of invisibility {unknown}
 m - a potion of ambrosia {unknown}
 n - a potion of lignification {unknown}
 p - a potion of attraction {unknown}


   Skills:
 * Level 3.1 Fighting
 + Level 3.4 Maces & Flails
 + Level 2.2 Throwing
 * Level 1.6 Armour
 + Level 2.6 Dodging


You had 3 spell levels left.
You didn't know any spells.
Your spell library contained the following spells:

 Spells                   Type           Power      Damage    Failure   Level
 Inner Flame              Hex/Fire       0%         N/A       80%         3
 Irradiate                Conj/Alch      0%         3d11      100%        5
 Ignition                 Fire           0%         3d3       100%        8


Dungeon Overview and Level Annotations

Branches:
Dungeon (2/15)

Altars:


Innate Abilities, Weirdness & Mutations

You are immune to sickness and miasma.
Your stone body is resilient. (AC +3)
You are immune to poison.
You resist negative energy. (rN+)
You are resistant to electric shocks. (rElec)
You are resistant to unholy torment.
You are immune to petrification.


Message History

You see here 7 stones.
j - 36 stones (gained 7)
The endoplasm hits you but does no damage.
You barely miss the endoplasm.
The endoplasm hits you but does no damage.
You hit the endoplasm but do no damage. The endoplasm closely misses you.
The gnoll hits you from afar with a +0 spear!
The endoplasm closely misses you.
You hit the endoplasm.
The endoplasm is moderately wounded.
The gnoll hits you from afar with a +0 spear.
The endoplasm barely misses you.
You sock the endoplasm!
You kill the endoplasm!
The gnoll hits you but does no damage. The gnoll hits you with a +0 spear.
You hit the gnoll.
The gnoll is heavily wounded.
The gnoll hits you with a +0 spear.
You closely miss the gnoll.
The gnoll is heavily wounded.
The gnoll hits you with a +0 spear.
You hit the gnoll.
The gnoll is almost dead.
The gnoll hits you but does no damage. The gnoll hits you with a +0 spear.
* * * LOW HITPOINT WARNING * * *
You closely miss the gnoll.
The gnoll is almost dead.
The gnoll barely misses you.
You hit the gnoll.
You kill the gnoll!
You have reached level 4!
You feel stronger.
You barely miss the gnoll. The gnoll barely misses you.
You closely miss the gnoll. The gnoll hits you with a +0 club.
* * * LOW HITPOINT WARNING * * *
The gnoll completely misses you.
The adder hisses angrily.
You hit the gnoll but do no damage. The gnoll hits you with a +0 club.
You die...

.......?..........
.......S##........
........##........
......g...........
.........#........ ##
#................ ###..
#####...#........
#.....########..##........
#....@ggg.S..#####..##
#.########..........†. #
#....##...###
.........###.
##............
#...#........
...##....#.8. ####.####...
#. #...


You could see 3 gnolls and an adder.

Vanquished Creatures
  An adder (D:2)
  A gnoll (D:2)
  A dart slug (D:1)
  4 endoplasms
  A giant cockroach (D:1)
  2 goblins
  3 hobgoblins
  11 jackals
  3 quokkas
  A ball python (D:2)
  4 bats
  A frilled lizard (D:2)
  4 kobolds
  3 rats
40 creatures vanquished.

Notes
Turn   | Place    | Note
-------+----------+-------------------------------------------
     0 | D:1      | RancidPinata the Gargoyle Gladiator began the quest for the
                  | Orb.
     0 | D:1      | Reached XP level 1. HP: 12/12 MP: 1/1
    99 | D:1      | Reached XP level 2. HP: 15/18 MP: 2/2
   184 | D:1      | Reached skill level 1 in Armour
   456 | D:1      | Reached XP level 3. HP: 22/22 MP: 3/3
   602 | D:2      | Found a faded altar of an unknown god.
   897 | D:2      | Reached XP level 4. HP: 6/28 MP: 4/4
   899 | D:2      | Slain by a gnoll

Illustrated notes

Levels and vault maps discovered:
D:1:      eino_arrival_water_cross, layout_rooms, serial_curves, eino_curves_04,
          eino_curves_03
D:2:      layout_rooms, shapermc_ecumenical_altar_pompeii, grunt_ministairs_2,
          uniq_terence

Skill      XL: |  1  2  3 |
---------------+----------+-----
Armour         | 1 |  1.6
Throwing       | 2 |  2.2
Fighting       | 3 |  3.1
Maces & Flails | |  3.4
Dodging        | |  2.6

Action                     |  1- 3 |  4- 6 || total
---------------------------+-------+-------++-------
  Melee: Flail             |   126 |     3 ||   129
         Punch             |     1 |       ||     1
 Armour: Leather armour    |   125 |     2 ||   127
  Dodge: Dodged            |   168 |     2 ||   170
